 Dungeon Crawl Stone Soup version 0.30-a0-576-g89cddaab80 (webtiles) character file.

Game seed: 15739764967179458678

58623 kae the Transmogrifier (level 14, -5/124 HPs)
             Began as a Demonspawn Transmuter on Dec 30, 2022.
             Was a High Priest of Ru.
             Slain by a fire elemental (19 damage)
             ... summoned by a deep elf pyromancer
             ... on level 13 of the Dungeon.
             The game lasted 00:29:14 (25306 turns).

kae the Transmogrifier (Demonspawn Transmuter)     Turns: 25306, Time: 00:29:15

Health: -5/124     AC:  3    Str: 19    XL:     14   Next: 50%
Magic:  24/24      EV: 13    Int: 18    God:    Ru [*****.]
Gold:   1762       SH:  0    Dex: 15    Spells: 18/31 levels left

rFire   x . .      SeeInvis .      - Unarmed
rCold   + + +      Faith    +    (shield currently unavailable)
rNeg    . . .      Spirit   .    (body armour currently unavailable)
rPois   +          Reflect  .    (helmet currently unavailable)
rElec   .          Harm     .    (cloak currently unavailable)
rCorr   .          Rampage  .    (gloves currently unavailable)
Will    +....                    (boots currently unavailable)
Stlth   +                        T - amulet of faith {!P}
HPRegen 0.40/turn                S - +6 ring of strength
MPRegen 0.19/turn                Z - ring of wizardry

@: ice-form, corroded, unable to read
A: freezing attack, amphibious, boosted hp, large, (antennae 2), ignite blood 2,
low MP 1, powered by pain 3, inability to read after injury 2, inability to use
devices, inability to train armour, big brain 1
a: End Transformation, Renounce Religion, Sacrifice Love, Sacrifice Stealth,
Sacrifice Courage, Reject Sacrifices, Draw Out Power, Power Leap, Apocalypse


You were on level 13 of the Dungeon.
You worshipped Ru.
Ru was extremely pleased with you.
You were a creature of crystalline ice.
You visited 3 branches of the dungeon, and saw 19 of its levels.
You also visited: Bailey.

You collected 1762 gold pieces.


Innate Abilities, Weirdness & Mutations

You are a creature of crystalline ice.
You have a powerful freezing melee attack.
You are amphibious.
Your maximum health is increased.
Your armour is entirely melded.
You are incapable of wielding weapons or throwing items.
((You have a pair of antennae on your head.))
Your demonic aura often causes spilled blood to erupt in flames.
Your magical capacity is low. (-10% MP)
You are powered by pain.
You sometimes lose the ability to read scrolls when taking damage.
You cannot study or use magical devices.
You cannot train Armour skill.
You have an unusually large brain. (Int +2)


   Skills:
 + Level 7.7 Fighting
 + Level 7.2 Dodging
 + Level 9.4 Unarmed Combat
 + Level 9.2 Spellcasting
 * Level 12.9 Transmutations
 * Level 12.1 Ice Magic
 - Level 3.4 Poison Magic


You had 18 spell levels left.
You knew the following spells:

 Your Spells              Type           Power      Damage    Failure   Level
a - Petrify               Tmut/Erth      31%        N/A       2%          4
b - Wereblood             Tmut           53%        N/A       1%          2
c - Spider Form           Tmut/Pois      37%        N/A       1%          3
d - Ice Form              Ice/Tmut       52%        N/A       1%          4

Your spell library contained the following spells:

 Spells                   Type           Power      Damage    Failure   Level
 Beastly Appendage        Tmut           100%       N/A       1%          1
 Ensorcelled Hibernation  Hex/Ice        60%        N/A       1%          2
 Magic Dart               Conj           32%        1d4       3%          1
 Slow                     Hex            32%        N/A       3%          1
 Call Imp                 Summ           8%         N/A       5%          2
 Scorch                   Fire           16%        2d6       5%          2
 Sublimation of Blood     Necr           8%         N/A       5%          2
 Mephitic Cloud           Conj/Pois/Air  12%        N/A       6%          3
 Irradiate                Conj/Tmut      15%        3d16      7%          5
 Confusing Touch          Hex            8%         N/A       11%         3
 Dazzling Flash           Conj/Hex       16%        N/A       11%         3
 Vampiric Draining        Necr           8%         2d6       11%         3
 Anguish                  Hex/Necr       4%         N/A       32%         4
 Flame Wave               Conj/Fire      8%         2d5       32%         4
 Agony                    Necr           8%         N/A       65%         5
 Silence                  Hex/Air        4%         N/A       65%         5
 Summon Cactus Giant      Summ           4%         N/A       99%         6
 Enfeeble                 Hex            4%         N/A       100%        7

Inventory:

Missiles
 c - 160 stones
 g - 77 poisoned darts
 w - 8 boomerangs
 y - 7 curare-tipped darts {=f}
 E - 4 silver javelins
Armour
 a - a +1 robe (melded)
 h - +0 fire dragon scales
   (You found it on level 1 of the Dungeon)
Jewellery
 A - an amulet of the acrobat
   (You found it on level 5 of the Lair of Beasts)
 S - a +6 ring of strength (left front paw)
   (You found it on level 5 of the Dungeon)
 T - an amulet of faith (around neck) {!P}
   (You found it on level 7 of the Dungeon)
 Z - a ring of wizardry (right front paw)
   (You found it on level 6 of the Dungeon)
Wands
 s - a wand of polymorph (3)
   (You found it on level 12 of the Dungeon)
Scrolls
 d - 4 scrolls of fog
 k - a scroll of fear
 n - 3 scrolls of poison {!r}
 o - 3 scrolls of magic mapping {!r}
 t - 2 scrolls of teleportation {@r4}
 x - 3 scrolls of immolation {!r!r}
 z - 2 scrolls of vulnerability {!r!r}
 C - 2 scrolls of enchant weapon
 D - 5 scrolls of identify {@r1}
 F - a scroll of enchant armour
 H - a scroll of blinking {!r}
 I - a scroll of silence {!r}
Potions
 b - 3 potions of lignification {!q}
 e - 9 potions of haste {@q3}
 f - 3 potions of heal wounds {@q2}
 i - 4 potions of flight
 j - 2 potions of magic
 l - 6 potions of curing {@q1}
 m - 2 potions of ambrosia
 q - 5 potions of mutation {!q}
 r - 3 potions of might
 u - a potion of resistance
 v - 2 potions of invisibility
 B - 3 potions of cancellation
Miscellaneous
 p - a phial of floods
   (You found it on level 5 of the Lair of Beasts)

Dungeon Overview and Level Annotations

Branches:
Dungeon (13/15) Zot: 26202  Temple (1/1) D:4 Zot: 5960    Lair (5/5) D:9 Zot: 20928
  Swamp (0/4) Lair:3       Spider (0/4) Lair:3        Slime (0/5) Lair:5
    Orc (0/2) D:11         Vaults (0/5) D:13         Bailey (visited)

Altars:
Ashenzari
Cheibriados
Dithmenos
Fedhas
Gozag
Hepliaklqana
Kikubaaqudgha
Makhleb
Nemelex Xobeh
Okawaru
Qazlal
Ru
Sif Muna
Trog
Uskayaw
Vehumet
Wu Jian
Xom
Yredelemnul
Jiyva

Shops:
D:1 [   D:6 *   D:10 *

Annotations:
D:5 2 transporters, DEFE's ghost, amateur DsWn
D:7 exclusion: door
D:13 Sonja
Lair:1 exclusion: 2 oklob plants

......ยง........ #........
#.....D.. .##########........
...................
>.........#########
############..#
.............ยฐ############
..............EEY.........
..............e#########..
#############..######
#############............
D........................
#######.................
#.............)..#
#.............[..#
#######................##########


You could see a deep elf pyromancer and 2 fire elementals.


Message History

Aiming: Petrify (mildly dangerous; 2% risk of failure)
Press: ? - help, Shift-Dir - straight line, f - deep elf pyromancer
Aim: a deep elf pyromancer, wielding a +2 dagger of venom and wearing a +0 leather armour (asleep, chance to affect: 43%)
The deep elf pyromancer shouts!
The deep elf pyromancer resists with some effort.
Sonja, the Graceful Assassin comes into view.
She is wielding a +0 dagger of distortion and quivering curare-tipped darts. ๐Ÿ˜Ž MP[-4]
You lost 4 mp, and now have 20/24 mp.
Casting: Petrify (mildly dangerous; 2% risk of failure)
Confirm with . or Enter, or press ? or * to list all spells.
You turn into a creature of crystalline ice.
Your +1 robe melds into your body.
An acid dragon comes into view.
The acid dragon roars!
You hear a shout!
The deep elf pyromancer gestures wildly while chanting.
The deep elf pyromancer blinks! ๐Ÿ˜Ž HP[+20] MP[-4]
You now have 123 max hp (+20).
Your hp is fully restored (123).
You lost 4 mp, and now have 16/24 mp.
The acid dragon spits acid at you. The splash of acid hits you.
The acid corrodes you!
You hear a shout! ๐Ÿ˜• HP[-3] MP[+1]
You take 3 damage, and now have 120/123 hp. ๐Ÿ˜• HP[+1]
The acid dragon spits acid at you. The splash of acid hits you!!
The acid corrodes you! ๐Ÿ˜• HP[-18]
You take 18 damage, and now have 103/123 hp. ๐Ÿ˜• HP[+1] ๐Ÿ˜• MP[+1] ๐Ÿ˜• HP[+1]
You start resting.
An acid dragon is nearby! ๐Ÿ˜• HP[+2] MP[+1]
You regained 2 hp, and now have 107/123 hp.
You redirect the acid dragon's attack! x2
The acid dragon closely misses the deep elf pyromancer.
The acid dragon barely misses the deep elf pyromancer.
You catch the helpless acid dragon completely off-guard!
You punch the acid dragon! You freeze the acid dragon.
The acid dragon bites you!
You focus on the pain.
You feel your power returning.
The acid dragon claws you but does no damage.
You hit the acid dragon but do no damage.
You redirect the acid dragon's attack!
The acid dragon closely misses itself.
The acid dragon barely misses itself.
You redirect the deep elf pyromancer's attack!
The deep elf pyromancer gestures wildly while chanting. ๐Ÿ˜• HP[-11] MP[+5]
You take 11 damage, and now have 96/123 hp.
Your mp is fully restored (24).
You punch the acid dragon! You freeze the acid dragon.
You kill the acid dragon!
The acid dragon scales are intact enough to wear.
The fire elemental hits you. The fire elemental burns you!
The fire burns you terribly!
You feel threatened and lose the ability to read scrolls!
Your life force feels restored.
You are too injured to fight recklessly! ๐Ÿ˜ฎ HP[-20]
You now have 124 max hp (+1).
You take 20 damage, and now have 76/124 hp.
You are too injured to fight recklessly!
You are too injured to fight recklessly!
You are too injured to fight recklessly!
You are too injured to fight recklessly!
Unknown command.
The fire elemental hits you. The fire elemental burns you!
The fire burns you terribly!
* * * LOW HITPOINT WARNING * * *
The deep elf pyromancer begins to cast a spell, but is stunned by your conviction! ๐Ÿ˜จ HP[-14]
You take 14 damage, and now have 62/124 hp.
You punch the fire elemental! You freeze the fire elemental.
The fire elemental hits you. The fire elemental burns you!
The fire burns you terribly!
* * * LOW HITPOINT WARNING * * *
The fire elemental hits you.
* * * LOW HITPOINT WARNING * * *
The fire elemental burns you! The fire burns you terribly!
* * * LOW HITPOINT WARNING * * *
๐Ÿ˜ฑ HP[-31]
You take 31 damage, and now have 31/124 hp.
MASSIVE DAMAGE!! (PAUSE)
The fire elemental misses you. ๐Ÿ˜จ HP[+1]
You punch the fire elemental! You freeze the fire elemental!
The fire elemental misses you.
You redirect the deep elf pyromancer's attack!
You punch the fire elemental! You freeze the fire elemental.
The fire elemental hits you. The fire elemental burns you!
The fire burns you terribly!
* * * LOW HITPOINT WARNING * * *
๐Ÿ˜ฑ HP[-19]
You take 19 damage, and now have 13/124 hp.
You hit the fire elemental but do no damage.
The fire elemental hits you. The fire elemental burns you!
The fire burns you terribly!
You die...

Skill      XL: |  1  2  3  4  5  6  7  8  9 10 11 12 13 14 |
---------------+-------------------------------------------+-----
Transmutations | 2 3 4 5 6 8 9 10 11 12 | 12.9
Unarmed Combat | 3 4 5 6 7 8 9 |  9.4
Poison Magic   | 1 2 3 |  3.4
Spellcasting   | 3 4 5 6 7 8 9 |  9.2
Ice Magic      | 2 4 6 7 9 10 11 12 | 12.1
Dodging        | 3 4 5 6 7 |  7.2
Fighting       | 2 4 5 7 |  7.7

Action                   |  1- 3 |  4- 6 |  7- 9 | 10-12 | 13-15 || total
-------------------------+-------+-------+-------+-------+-------++-------
Melee: Unarmed           |   114 |   136 |   260 |   465 |   519 ||  1494
       Kick              |    15 |     4 |       |       |       ||    19
       Punch             |     3 |       |       |     1 |       ||     4
       Headbutt          |     5 |       |       |       |       ||     5
 Cast: Beastly Appendage |    18 |     6 |       |       |       ||    24
       Spider Form       |       |    16 |     8 |       |       ||    24
       Wereblood         |       |     2 |     9 |    14 |    14 ||    39
       Ice Form          |       |       |    32 |    53 |    52 ||   137
       Petrify           |       |       |       |    33 |    19 ||    52
Invok: Sacrifice Words   |       |       |     1 |       |       ||     1
       Sacrifice Durabil |       |       |     1 |       |       ||     1
       Draw Out Power    |       |       |       |     7 |     5 ||    12
       Sacrifice Artific |       |       |       |     1 |       ||     1
       Apocalypse        |       |       |       |     2 |     1 ||     3
       Reject Sacrifices |       |       |       |     1 |       ||     1
       Power Leap        |       |       |       |       |     2 ||     2
       Sacrifice Essence |       |       |       |       |     1 ||     1
 Abil: End Transformatio |       |       |     1 |       |     1 ||     2
Evoke: Wand              |       |       |     2 |       |       ||     2
  Use: Scroll            |     6 |     9 |     5 |     6 |     4 ||    30
       Potion            |       |       |     2 |       |       ||     2
 Stab: Sleeping          |     1 |       |       |       |       ||     1
       Invisible         |       |       |       |     2 |     5 ||     7
       Paralysed         |       |       |       |     2 |     1 ||     3
       Petrified         |       |       |       |    30 |    13 ||    43
       Petrifying        |       |       |       |     3 |     6 ||     9
       Distracted        |       |       |       |       |     3 ||     3
Armor: Fire dragon scale |    28 |       |       |       |       ||    28
       Robe              |    12 |     3 |       |     1 |       ||    16
       Skin              |       |     5 |    86 |   151 |   178 ||   420
Dodge: Dodged            |    55 |    86 |   149 |   202 |   271 ||   763

Levels and vault maps discovered:
D:1:      scummos_arrival_simple_crosswalls, layout_loops_ring, serial_shops,
          shop_fountains, dreamdust_princess_bridge
D:2:      layout_basic
D:3:      layout_loops_ring, hellmonk_ecumenical_altar_lost_god,
          kennysheep_donut, nicolae_hexahallways
D:4:      wad_lake_hut, layout_basic, minmay_temple_entry_stoned_glass
D:5:      layout_loops_ring, nicolae_ru_path_of_blood, zin_treasury,
          mainiacjoe_overflow_catwalk_spiral, serial_rivers,
          chequers_serial_rivers_marsh, chequers_serial_rivers_micro_d,
          chequers_serial_rivers_micro_a, chequers_serial_rivers_marsh,
          gammafunk_ghost_mausoleum
D:6:      layout_loops_ring, serial_shops,
          nicolae_shop_competitors_out_of_business,
          minmay_misc_feat_four_crosses
D:7:      minmay_the_grid_triangle_9x9_rhombus_full
          [minmay_the_grid_triangle_9x9_warning,
          minmay_the_grid_triangle_9x9_steps,
          minmay_the_grid_triangle_9x9_longest,
          minmay_the_grid_triangle_9x9_sprig,
          minmay_the_grid_triangle_9x9_thin_v,
          minmay_the_grid_triangle_9x9_swiss_cheese,
          minmay_the_grid_triangle_9x9_corrupted_corridor,
          minmay_the_grid_triangle_9x9_prize_top_heavy], layout_loops_ring,
          enter_bailey_6, lightli_orcish_oven
D:8:      layout_basic, nicolae_dithmenos_shadow_blocks, uniq_maggie
D:9:      layout_basic, lair_entry_dummy, chequers_serial_rivers_micro_b
D:10:     layout_basic, lemuel_doored_altar,
          mainiacjoe_overflow_six_doors_small, special_room
          [special_room_kobold], nicolae_shop_clearance
D:11:     layout_basic, orc_0_dummy, kennysheep_orc_sif_temple
D:12:     layout_small_grid, nicolae_uskayaw_murder_on_the_dancefloor
D:13:     layout_long_grid, david_vaults_5, uniq_snorg, uniq_sonja,
          uniq_josephine
Temple:   hellmonk_temple_of_storms
Lair:1:   minmay_lair_oklob_chamber, layout_layer_cave, serial_bayou_shore_a,
          serial_bayou_shore_b, uniq_urug, uniq_gastronok, uniq_joseph
Lair:2:   layout_regular_city
Lair:3:   minmay_lair_venomous_thicket, layout_cave_pods,
          nicolae_swamp_entry_splash_gauntlet, spider_nest_entry_rubble,
          special_room [special_room_mythical_zoo], bobbens_dragon_lair_wall
Lair:4:   layout_misc_corridors
Lair:5:   due_jungle_book, layout_big_grid, minmay_slime_entry_jelly_boxes,
          minivault_19, minivault_19, st_stairs_7

Notes
Turn   | Place    | Note
-------+----------+-------------------------------------------
     0 | D:1      | kae the Demonspawn Transmuter began the quest for the Orb.
     0 | D:1      | Reached XP level 1. HP: 15/15 MP: 3/3
     0 | D:1      | magus.rc [v1.11.3]
   154 | D:1      | Found Gofufoh's Armour Boutique.
   233 | D:1      | Reached skill level 2 in Transmutations
   318 | D:1      | Gained mutation: Your demonic aura sometimes causes spilled
                  | blood to erupt in flames. [demonic ancestry]
   318 | D:1      | Reached XP level 2. HP: 12/21 MP: 3/5
   694 | D:1      | Reached skill level 3 in Unarmed Combat
   894 | D:2      | You pick up a book of Scorching and begin reading...
   894 | D:2      | You add the spells Scorch, Flame Wave and Summon Cactus
                  | Giant to your library.
   920 | D:2      | Reached XP level 3. HP: 26/26 MP: 4/6
   929 | D:2      | Learned a level 2 spell: Wereblood
   933 | D:2      | Learned a level 3 spell: Spider Form
  1590 | D:3      | You pick up a book of Dreams and begin reading...
  1590 | D:3      | You add the spells Ensorcelled Hibernation and Anguish to
                  | your library.
  1777 | D:3      | Reached skill level 1 in Poison Magic
  1793 | D:3      | Found a faded altar of an unknown god.
  1824 | D:3      | Lost mutation: You have a pair of horns on your head.
                  | [demonic ancestry]
  1824 | D:3      | Lost mutation: You have a pair of small horns on your head.
                  | [demonic ancestry]
  1824 | D:3      | Gained mutation: You have a pair of small antennae on your
                  | head. [demonic ancestry]
  1824 | D:3      | Reached XP level 4. HP: 32/32 MP: 5/7
  2164 | D:3      | HP: 8/32 [adder (1)]
  2615 | D:4      | Found a staircase to the Ecumenical Temple.
  2618 | D:4      | You pick up a book of Minor Magic and begin reading...
  2618 | D:4      | You add the spells Magic Dart, Call Imp and Mephitic Cloud
                  | to your library.
  2632 | D:4      | Reached skill level 3 in Transmutations
  2635 | Temple   | Entered the Ecumenical Temple
  2710 | D:4      | Reached skill level 2 in Poison Magic
  2710 | D:4      | Gained mutation: You sometimes gain a little power by
                  | taking damage. [demonic ancestry]
  2710 | D:4      | Reached XP level 5. HP: 37/37 MP: 4/9
  2854 | D:4      | You pick up a book of the Senses and begin reading...
  2854 | D:4      | You add the spells Dazzling Flash, Agony and Silence to
                  | your library.
  2989 | D:4      | Reached skill level 3 in Spellcasting
  3129 | D:4      | Gained mutation: You have an unusually large brain. (Int
                  | +2) [demonic ancestry]
  3129 | D:4      | Reached XP level 6. HP: 25/43 MP: 7/10
  3549 | D:5      | Entered Level 5 of the Dungeon
  3571 | D:5      | Identified the +8 rapier of Wounding {antimagic, rF+ Int+3
                  | SInv}
  3616 | D:5      | Reached skill level 3 in Poison Magic
  3621 | D:5      | Reached skill level 4 in Transmutations
  3687 | D:5      | Found a shimmering blue altar of Sif Muna.
  3696 | D:5      | Found a hide-covered altar of Uskayaw.
  3719 | D:5      | Learned a level 4 spell: Ice Form
  3866 | D:5      | Found a sacrificial altar of Ru.
  3930 | D:5      | Became a worshipper of Ru the Awakened
  3997 | D:5      | Reached XP level 7. HP: 48/48 MP: 8/12
  4054 | D:5      | Found a transporter.
  4056 | D:5      | Noticed DEFE's ghost (amateur DsWn)
  4061 | D:5      | Found a transporter.
  4259 | D:5      | Reached skill level 1 in Ice Magic
  4428 | D:5      | Reached skill level 4 in Unarmed Combat
  4431 | D:5      | HP: 11/48 [something (4)]
  4436 | D:5      | HP: 9/48 [poisoned by an orc wizard]
  4735 | D:6      | Reached skill level 2 in Ice Magic
  4781 | D:6      | Reached skill level 5 in Transmutations
  4801 | D:6      | HP: 7/57 [gnoll/+0 halberd[a gnoll bouda] (9)]
  5033 | D:6      | Noticed a shadow
  5040 | D:6      | Killed a shadow
  5041 | D:6      | Reached skill level 4 in Spellcasting
  5041 | D:6      | Reached XP level 8. HP: 54/54 MP: 9/14
  5090 | D:6      | Reached skill level 3 in Ice Magic
  5129 | D:6      | Found Jomaarch's General Store.
  5264 | D:6      | Reached skill level 6 in Transmutations
  5264 | D:6      | Reached skill level 4 in Ice Magic
  5513 | D:6      | Reached skill level 5 in Unarmed Combat
  5861 | D:7      | Found a flagged portal.
  6033 | D:7      | Gained mutation: You sometimes gain power by taking damage.
                  | [demonic ancestry]
  6033 | D:7      | Reached XP level 9. HP: 59/59 MP: 11/16
  6148 | D:7      | Noticed a kobold demonologist
  6226 | D:7      | Gained mutation: You cannot train Armour skill. [Ru
                  | sacrifice]
  6226 | D:7      | Reached * piety under Ru
  6306 | D:7      | Reached skill level 5 in Ice Magic
  6393 | Bailey   | Entered a bailey
  6486 | Bailey   | HP: 13/70 [orc warrior/+0 halberd (15)]
  6491 | Bailey   | Reached skill level 5 in Spellcasting
  6657 | Bailey   | Noticed an orc knight
  6657 | Bailey   | Noticed an orc knight
  6692 | Bailey   | Reached skill level 7 in Transmutations
  6750 | Bailey   | Noticed an orc knight
  6769 | Bailey   | HP: 12/70 [orc knight/+0 halberd (31)]
  7075 | D:7      | Killed a kobold demonologist
  7386 | D:8      | Noticed Maggie
  7398 | D:8      | Killed Maggie
  7399 | D:8      | Reached skill level 6 in Ice Magic
  7679 | D:8      | Identified the +4 rapier of Cataclysm {freeze, Str+9 Int-3
                  | Dex-2 SInv}
  7917 | D:8      | Found a shadowy altar of Dithmenos.
  8216 | D:8      | Reached skill level 6 in Unarmed Combat
  8397 | D:9      | Gained mutation: You occasionally lose the ability to read
                  | scrolls when taking damage. [Ru sacrifice]
  8397 | D:9      | Gained mutation: You sometimes lose the ability to read
                  | scrolls when taking damage. [Ru sacrifice]
  8397 | D:9      | Reached ** piety under Ru
  8487 | D:9      | Found a staircase to the Lair.
  8508 | D:9      | Noticed a two-headed ogre
  8515 | D:9      | Killed a two-headed ogre
  8516 | D:9      | Reached skill level 8 in Transmutations
  8516 | D:9      | Gained mutation: Your demonic aura often causes spilled
                  | blood to erupt in flames. [demonic ancestry]
  8516 | D:9      | Reached XP level 10. HP: 65/65 MP: 12/18
  8647 | D:9      | You pick up a book of Maledictions and begin reading...
  8786 | D:9      | Reached skill level 2 in Dodging
  9066 | D:9      | Reached skill level 6 in Spellcasting
  9066 | D:9      | Reached skill level 7 in Ice Magic
  9165 | D:10     | Entered Level 10 of the Dungeon
  9294 | D:10     | You pick up a book of Alchemy and begin reading...
  9294 | D:10     | You add the spells Sublimation of Blood, Petrify and
                  | Irradiate to your library.
  9394 | D:10     | Reached skill level 2 in Fighting
  9469 | D:10     | Found Plog's CLEARANCE SALE!.
  9600 | D:10     | Found a blossoming altar of Fedhas.
  9903 | D:10     | Found an ancient bone altar of Kikubaaqudgha.
  9952 | D:10     | Gained mutation: You cannot study or use magical devices.
                  | [Ru sacrifice]
  9952 | D:10     | Reached *** piety under Ru
  9952 | D:10     | Reached **** piety under Ru
  9952 | D:10     | Reached ***** piety under Ru
  9970 | D:10     | Reached skill level 3 in Dodging
 10200 | D:10     | Reached skill level 9 in Transmutations
 10355 | D:11     | Noticed a two-headed ogre
 10363 | D:11     | Killed a two-headed ogre
 10364 | D:11     | Gained mutation: You have a pair of antennae on your head.
                  | [demonic ancestry]
 10364 | D:11     | Reached XP level 11. HP: 74/74 MP: 17/20
 10441 | D:11     | Noticed a boulder beetle
 10461 | D:11     | Reached skill level 3 in Fighting
 10659 | D:11     | Noticed a skeletal warrior
 10663 | D:11     | Reached skill level 8 in Ice Magic
 10669 | D:11     | Noticed a skeletal warrior
 10893 | D:11     | Found a staircase to the Orcish Mines.
 11046 | D:11     | Found a shimmering blue altar of Sif Muna.
 11164 | D:11     | You pick up a book of Debilitation and begin reading...
 11164 | D:11     | You add the spells Slow, Vampiric Draining and Confusing
                  | Touch to your library.
 11258 | D:11     | Noticed a skeletal warrior
 11263 | D:11     | HP: 16/90 [skeletal warrior/stone (15)]
 11464 | D:10     | Learned a level 4 spell: Petrify
 11479 | D:10     | HP: 2/85 [skeletal warrior/+0 hand axe (22)]
 11482 | D:10     | Killed a skeletal warrior
 11682 | D:10     | HP: 19/87 [skeletal warrior/stone (13)]
 12039 | D:10     | Killed a skeletal warrior
 12040 | D:10     | Reached skill level 7 in Unarmed Combat
 12140 | D:11     | HP: 19/85 [skeletal warrior/+0 flail (15)]
 12145 | D:11     | Killed a skeletal warrior
 12463 | D:11     | Noticed a skeletal warrior
 12496 | D:11     | HP: 21/90 [skeletal warrior/+2 vampiric scimitar (7)]
 12497 | D:11     | Killed a skeletal warrior
 12700 | D:11     | Noticed a two-headed ogre
 12707 | D:11     | Killed a two-headed ogre
 12735 | D:11     | HP: 22/91 [boulder beetle (16)]
 12741 | D:11     | Killed a boulder beetle
 12742 | D:11     | Reached skill level 4 in Dodging
 13063 | D:12     | Reached skill level 4 in Fighting
 13063 | D:12     | Reached skill level 7 in Spellcasting
 13064 | D:12     | Noticed a skeletal warrior
 13298 | D:12     | Noticed a skeletal warrior
 13416 | D:11     | Reached skill level 10 in Transmutations
 13757 | Lair:1   | Entered Level 1 of the Lair of Beasts
 13778 | Lair:1   | Reached skill level 9 in Ice Magic
 13788 | Lair:1   | HP: 18/92 [yak (7)]
 13962 | Lair:1   | Noticed Urug
 14052 | D:9      | Killed Urug
 14053 | D:9      | Reached XP level 12. HP: 40/84 MP: 20/22
 14393 | Lair:1   | Noticed Gastronok
 14412 | Lair:1   | Killed Gastronok
 14455 | Lair:1   | Noticed Joseph
 14505 | Lair:1   | Killed Joseph
 14645 | Lair:1   | Noticed a death yak
 14672 | Lair:1   | Killed a death yak
 14673 | Lair:1   | Reached skill level 5 in Fighting
 15426 | Lair:2   | Reached skill level 5 in Dodging
 16671 | Lair:3   | Noticed a boulder beetle
 16694 | Lair:3   | Killed a boulder beetle
 16695 | Lair:3   | Reached skill level 8 in Unarmed Combat
 16795 | Lair:3   | Noticed a four-headed hydra
 16799 | Lair:3   | Reached skill level 10 in Ice Magic
 16809 | Lair:3   | Reached skill level 11 in Transmutations
 16811 | Lair:3   | Killed a four-headed hydra
 16812 | Lair:3   | Reached skill level 8 in Spellcasting
 17044 | Lair:3   | Reached XP level 13. HP: 71/93 MP: 22/25
 17292 | Lair:3   | Reached skill level 6 in Fighting
 17350 | Lair:3   | HP: 18/111 [steam dragon/ball of steam (21)]
 17610 | Lair:3   | HP: 26/111 [rime drake/icy flash freeze (18)]
 18203 | Lair:3   | Found a hole to the Spider Nest.
 18349 | Lair:3   | Reached skill level 6 in Dodging
 18562 | Lair:3   | Identified the +6 ring mail of the Bells {+Blink}
 19347 | Lair:3   | Found a staircase to the Swamp.
 19950 | Lair:4   | Reached skill level 11 in Ice Magic
 20233 | Lair:4   | Reached skill level 12 in Transmutations
 20593 | Lair:5   | Entered Level 5 of the Lair of Beasts
 20601 | Lair:5   | Gained mutation: Your magical capacity is low. (-10% MP)
                  | [Ru sacrifice]
 20845 | Lair:5   | Found a staircase to the Slime Pits.
 20851 | Lair:5   | Found a viscous altar of Jiyva.
 21468 | Lair:5   | Reached skill level 9 in Unarmed Combat
 21578 | Lair:5   | Identified the +8 flail "Ogre's Regret" {flame, Dex+3}
 21706 | Lair:5   | Reached skill level 7 in Fighting
 21930 | Lair:5   | Noticed a dire elephant
 21982 | Lair:5   | Gained mutation: You are powered by pain. [demonic
                  | ancestry]
 21982 | Lair:5   | Reached XP level 14. HP: 34/98 MP: 24/24
 22636 | Lair:5   | Reached skill level 9 in Spellcasting
 22910 | Lair:5   | Reached skill level 7 in Dodging
 23954 | D:12     | Found a hide-covered altar of Uskayaw.
 23992 | D:12     | Reached skill level 12 in Ice Magic
 24657 | D:13     | Found a gate to the Vaults.
 24687 | D:13     | HP: 19/123 [rakshasa/lance of force (20)]
 25075 | D:13     | Noticed Snorg
 25083 | D:13     | Killed Snorg
 25280 | D:13     | Noticed Sonja
 25302 | D:13     | HP: 31/124 [fire elemental[a deep elf pyromancer] (15)]
 25305 | D:13     | HP: 13/124 [fire elemental[a deep elf pyromancer] (19)]
 25306 | D:13     | Slain by a fire elemental

Vanquished Creatures
  Gastronok (Lair:1)
  Snorg (D:13)
  A rakshasa (D:13)
  A vault guard (D:13)
  3 hydras
  2 boulder beetles
  3 two-headed ogres
  4 death yaks
  Urug (D:9)
  A spectral death yak (Lair:5)
  7 skeletal warriors
  A spectral anaconda (Lair:5)
  An obsidian statue (Lair:5)
  4 necromancers (Lair:5)
  A wolf spider (Lair:3)
  3 cyclopes
  14 elephants
  Joseph (Lair:1)
  A black mamba (Lair:4)
  A torpor snail (Lair:1)
  A dire elephant skeleton (Lair:5)
  2 kobold demonologists
  Maggie (D:8)
  9 cane toads
  8 komodo dragons
  16 rime drakes
  An unseen horror (D:12)
  4 trolls
  2 polar bears
  A hornet (D:9)
  4 slime creatures (D:12)
  8 blink frogs
  A jumping spider (Lair:3)
  A shadow (D:6)
  5 wyverns
  A water elemental (D:11)
  32 yaks
  2 wraiths
  17 vampire mosquitoes
  9 basilisks
  17 steam dragons
  A death yak simulacrum (Lair:5)
  4 swamp worms (Lair:3)
  3 acid dragons
  11 water moccasins
  9 orc warriors
  A sky beast (D:7)
  A centaur (D:7)
  2 ogres (D:6)
  16 wolves
  An elephant skeleton (Lair:5)
  13 kobold brigands
  3 phantoms
  9 bullfrogs
  8 scorpions
  A cane toad simulacrum (Lair:5)
  3 wights (D:7)
  3 howler monkeys
  3 electric eels
  5 hounds
  14 jellies
  6 orc priests
  5 gnoll boudas
  6 hell rats (Lair:3)
  9 orc wizards
  3 iguanas
  18 gnolls
  8 adders
  A shadow imp (D:6)
  3 white imps
  4 worms
  7 dart slugs
  46 orcs
  8 ball pythons
  2 bats (D:3)
  5 endoplasms
  2 giant cockroaches
  6 goblins
  6 hobgoblins
  2 quokkas
  2 frilled lizards (D:3)
  32 kobolds
  3 rats
489 creatures vanquished.

Vanquished Creatures (others)
  A dire elephant (Lair:5)
  A black mamba (Lair:5)
  A cane toad (Lair:2)
  A gnoll (D:10)
  40 fungi
  88 plants
  21 withered plants (Lair:5)
153 creatures vanquished.

Grand Total: 642 creatures vanquished

Table legend:
 A = Non-vault XP
 B = Vault XP
 C = Vault XP percentage of total XP
 D = Non-vault monster count
 E = Vault monster count
 F = Vault count percentage of total count
                 A         B        C        D         E       F
            +---------+---------+-------+---------+---------+-------
      Total |   50513 |   33235 |  39.7 |     337 |     156 |  31.6
            +---------+---------+-------+---------+---------+-------
        D:1 |      40 |       0 |   0.0 |      18 |       0 |   0.0
        D:2 |      30 |       0 |   0.0 |       9 |       0 |   0.0
        D:3 |      50 |       0 |   0.0 |      14 |       0 |   0.0
        D:4 |     293 |       0 |   0.0 |      25 |       0 |   0.0
        D:5 |     532 |       0 |   0.0 |      15 |       0 |   0.0
        D:6 |    1548 |       0 |   0.0 |      29 |       0 |   0.0
        D:7 |     826 |     537 |  39.4 |      24 |       7 |  22.6
        D:8 |     633 |     398 |  38.6 |      17 |       1 |   5.6
        D:9 |    1819 |     794 |  30.4 |       9 |       1 |  10.0
       D:10 |    3270 |    1354 |  29.3 |      24 |      22 |  47.8
       D:11 |    6734 |     199 |   2.9 |      19 |       3 |  13.6
       D:12 |    4753 |       0 |   0.0 |      17 |       0 |   0.0
       D:13 |    3361 |    1810 |  35.0 |      10 |       2 |  16.7
     Lair:1 |    4355 |    2215 |  33.7 |      18 |       4 |  18.2
     Lair:2 |    3873 |     737 |  16.0 |      17 |       2 |  10.5
     Lair:3 |    6875 |   10941 |  61.4 |      23 |      55 |  70.5
     Lair:4 |    5402 |       0 |   0.0 |      25 |       0 |   0.0
     Lair:5 |    6119 |   13799 |  69.3 |      24 |      39 |  61.9
     Bailey |       0 |     451 | 100.0 |       0 |      20 | 100.0
            +---------+---------+-------+---------+---------+-------

Illustrated notes

Table legend:
 A = Kills in this place as a percentage of kills in entire the game.
 B = Kills by you in this place as a percentage of kills by you in the entire game.
 C = Kills by friends in this place as a percentage of kills by friends in the entire game.
 D = Other kills in this place as a percentage of other kills in the entire game.
 E = Experience gained in this place as a percentage of experience gained in the entire game.
 F = Experience gained in this place divided by the number of levels of this place that you have seen.
                   A       B       C       D       E      F
               +-------+-------+-------+-------+-------+----------------------
         Total | 100.0 | 100.0 |   N/A | 100.0 | 100.0 | 4187.4
       Dungeon |  54.0 |  54.2 |   N/A |  25.0 |  34.6 | 2229.3
          Lair |  42.0 |  41.7 |   N/A |  75.0 |  64.9 | 10863.2
        Bailey |   4.1 |   4.1 |   N/A |   0.0 |   0.5 | 451.0
               +-------+-------+-------+-------+-------+----------------------

Table legend: (Time is in decaauts)
 A = Elapsed time spent in this place.
 B = Non-inter-level travel time spent in this place.
 C = Inter-level travel time spent in this place.
 D = Time resting spent in this place.
 E = Time spent auto-exploring this place.
 F = Levels seen in this place.
 G = Mean time per level.
                   A        B        C        D        E       F      G
               +--------+--------+--------+--------+--------+-----+--------+
         Total |  25216 |  24182 |   1034 |   2958 |  17177 |  20 | 1260.8 |
       Dungeon |  15732 |  15057 |    675 |   2041 |  10592 |  13 | 1210.2 |
        Temple |     39 |     29 |     10 |      0 |      0 |   1 |   39.0 |
          Lair |   9071 |   8722 |    349 |    877 |   6413 |   5 | 1814.2 |
        Bailey |    373 |    373 |      0 |     40 |    171 |   1 |  373.0 |
               +--------+--------+--------+--------+--------+-----+--------+

Top non-repeatable levels by time:
  Lair:5: 2534 daAuts
    D:11: 2486 daAuts
  Lair:3: 2330 daAuts
  Lair:2: 2098 daAuts
    D:10: 1740 daAuts
     D:9: 1512 daAuts
     D:5: 1267 daAuts
    D:12: 1224 daAuts
     D:7: 1139 daAuts
  Lair:1: 1118 daAuts
     D:3: 1046 daAuts
     D:6: 1036 daAuts
  Lair:4: 989 daAuts
     D:8: 986 daAuts
     D:4: 944 daAuts
